 Dungeon Crawl Stone Soup version 0.27-a0-1308-gc08437e49b (webtiles) character file.

Game seed: 17735622340862869421

49 freelancePsychic the Charlatan (level 3, -2/28 HPs)
             Began as a Demonspawn Artificer on June 18, 2021.
             Killed from afar by Natasha (6 damage)
             ... with a magic dart
             ... on level 2 of the Dungeon.
             The game lasted 00:02:29 (1120 turns).

freelancePsychic the Charlatan (DsAr)               Turns: 1120, Time: 00:02:30

Health: -2/28      AC:  3    Str: 12    XL:     3   Next: 51%
Magic:  3/3        EV: 11    Int: 13    God:
Gold:   54         SH:  0    Dex: 13    Spells: 2/2 levels left

rFire    . . .     SeeInvis .   g - +1 whip (venom)
rCold    . . .     Faith    .   (no shield)
rNeg     . . .     Spirit   .   b - +0 leather armour
rPois    .         Reflect  .   (helmet restricted)
rElec    .         Harm     .   (no cloak)
rCorr    .         Rampage  .   (no gloves)
Will     .....                  (no boots)
Stlth    +.........             (no amulet)
HPRegen  0.09/turn              (no ring)
MPRegen  0.08/turn              (no ring)

@: slowed, very slow
A: antennae 1
a: no special abilities


You were on level 2 of the Dungeon.
You visited 1 branch of the dungeon, and saw 2 of its levels.

You collected 54 gold pieces.

Inventory:

Hand Weapons
 a - a +0 club
 f - a +0 whip
 g - a +1 whip of venom (weapon)
Armour
 b - a +0 leather armour (worn)
Wands
 c - a wand of flame (13) (quivered)
 d - a wand of charming (15)
Scrolls
 j - 3 scrolls of identify {unknown}
 l - 2 scrolls of teleportation {unknown}
 m - a scroll of noise {unknown}
Potions
 h - 2 potions of curing {unknown}
 i - a potion of ambrosia {unknown}
 k - a potion of degeneration {unknown}
Miscellaneous
 e - a piece from Xom's chessboard (15/15)


   Skills:
 - Level 2.3 Fighting
 + Level 1.0 Maces & Flails
 - Level 1.7 Armour
 - Level 0.8 Dodging
 - Level 0.8 Stealth
 + Level 1.8 Hexes
 - Level 3.0 Evocations


You had 2 spell levels left.
You didn't know any spells.
Your spell library contained the following spells:

 Spells                   Type           Power      Damage    Failure   Level
 Corona                   Hex            4%         N/A       19%         1
 Ensorcelled Hibernation  Hex/Ice        4%         N/A       38%         2
 Confusing Touch          Hex            4%         N/A       50%         3
 Tukima's Dance           Hex            4%         N/A       50%         3
 Dazzling Flash           Conj/Hex       4%         N/A       63%         3


Dungeon Overview and Level Annotations

Branches:
Dungeon (2/15)

Altars:

Annotations:
D:2 Natasha


Innate Abilities, Weirdness & Mutations

You have a pair of small antennae on your head.


Message History

Natasha hisses angrily.
The kobold shouts!
Natasha mumbles some strange words.
You see here a frilled lizard corpse.
Natasha mumbles some strange words.
Natasha casts a spell.
You see here 14 stones.
A hobgoblin comes into view.
The hobgoblin shouts!
Natasha wildly gestures.
Natasha's front paws start to glow.
The hobgoblin hits you.
A giant cockroach comes into view.
The hobgoblin closely misses you. The kobold hits you with a +0 whip.
Natasha casts a spell at you.
You feel yourself slow down. The kobold hits you but does no damage.
The giant cockroach bites you.
The giant cockroach bites you but does no damage.
The hobgoblin hits you.
The crimson imp blinks!
The hobgoblin hits you.
You barely miss the hobgoblin. The hobgoblin hits you.
You hit the hobgoblin.
The hobgoblin is poisoned.
The hobgoblin is severely wounded.
The hobgoblin barely misses you. The hobgoblin closely misses you.
You kill the hobgoblin!
Your Maces & Flails skill increases to level 1!
You hit the giant cockroach.
The giant cockroach is poisoned.
The giant cockroach is heavily wounded.
You kill the giant cockroach!
Natasha barely misses you.
You hit Natasha.
Natasha is moderately wounded.
Natasha claws you.
You hit Natasha but do no damage.
Natasha is poisoned.
Natasha is moderately wounded.
Natasha claws you. Natasha claws you!
* * * LOW HITPOINT WARNING * * *
Natasha stares at you and mumbles some strange words.
The magic dart hits you.
You die...

...........###.#
#####..........#
.####......<...# #
....5.##.h.....#.#
......##.........#
......##.......###
......###.#.######
.(....# #.#.†Kh..#
......# #.######@#
..##### #.# #.#
#.###### #.#
#.#....# #.#
#.#.##.# #.#
#.#.##.# ..#
#.#.##.# ..#
#.#.##.# ..#
#.#.##.#


You could see Natasha (very poisoned) and a kobold.

Vanquished Creatures
  A gnoll (D:1)
  An adder (D:2)
  3 bats (D:1)
  An endoplasm (D:1)
  2 giant cockroaches
  A goblin (D:1)
  A hobgoblin (D:2)
  3 jackals (D:2)
  2 quokkas (D:2)
  7 ball pythons
  2 frilled lizards
  4 kobolds
  3 rats
31 creatures vanquished.

Notes
Turn   | Place    | Note
-------+----------+-------------------------------------------
     0 | D:1      | freelancePsychic the Demonspawn Artificer began the quest
                  | for the Orb.
     0 | D:1      | Reached XP level 1. HP: 15/15 MP: 1/1
   165 | D:1      | Reached skill level 1 in Hexes
   165 | D:1      | Gained mutation: You have a pair of small antennae on your
                  | head. [demonic ancestry]
   165 | D:1      | Reached XP level 2. HP: 22/22 MP: 2/2
   694 | D:2      | Reached XP level 3. HP: 26/27 MP: 3/3
  1081 | D:2      | Noticed Natasha
  1116 | D:2      | Reached skill level 1 in Maces & Flails
  1120 | D:2      | Killed from afar by Natasha

Illustrated notes

Levels and vault maps discovered:
D:1:      minmay_arrival_stair_chambers, layout_basic, minmay_tetromino_t2
D:2:      layout_basic, hellmonk_ecumenical_altar_slurped_away, uniq_natasha

Skill      XL: |  1  2  3 |
---------------+----------+-----
Hexes          | 1 |  1.8
Fighting       | 2 |  2.3
Maces & Flails | 1 |  1.0
Armour         | |  1.7
Dodging        | |  0.8
Stealth        | |  0.8
Evocations     | |  3.0

Action                   || total
-------------------------++-------
Melee: Whip              ||    59
Evoke: Wand              ||     2
 Stab: Sleeping          ||     3
Armor: Leather armour    ||    20
Dodge: Dodged            ||    37

Table legend: (Time is in decaauts)
 A = Elapsed time spent in this place.
 B = Non-inter-level travel time spent in this place.
 C = Inter-level travel time spent in this place.
 D = Time resting spent in this place.
 E = Time spent auto-exploring this place.
 F = Levels seen in this place.
 G = Mean time per level.
                   A        B        C        D        E       F      G
               +--------+--------+--------+--------+--------+-----+--------+
         Total |   1128 |   1095 |     33 |      0 |    882 |   2 |  564.0 |
       Dungeon |   1128 |   1095 |     33 |      0 |    882 |   2 |  564.0 |
               +--------+--------+--------+--------+--------+-----+--------+

Top non-repeatable levels by time:
     D:1: 659 daAuts
     D:2: 469 daAuts
